 Dungeon Crawl Stone Soup version 0.29-a0-8-g0446c0dae4 (console) character file.

Game seed: 12910056377024211422

317 Melian the Skirmisher (level 6, -1/58 HPs)
             Began as a Minotaur Berserker on Jan 27, 2022.
             Was a Priest of Trog.
             Slain by an ogre (31 damage)
             ... on level 4 of the Dungeon.
             The game lasted 00:05:55 (3456 turns).

Melian the Skirmisher (Minotaur Berserker)          Turns: 3456, Time: 00:05:56

Health: -1/58      AC:  5    Str: 24    XL:     6   Next: 20%
Magic:  5/5        EV: 11    Int:  4    God:    Trog [***...]
Gold:   209        SH:  0    Dex:  9    Spells: 5/5 levels left

rFire   . . .      SeeInvis .   b - +0 war axe
rCold   . . .      Faith    .   (no shield)
rNeg    . . .      Spirit   .   p - +0 ring mail
rPois   .          Reflect  .   (helmet restricted)
rElec   .          Harm     .   (no cloak)
rCorr   .          Rampage  .   (no gloves)
Will    .....                   (no boots)
Stlth   ..........              (no amulet)
HPRegen 0.19/turn               (no ring)
MPRegen 0.09/turn               (no ring)

@: no status effects
A: horns 2, retaliatory headbutt
a: Renounce Religion, Berserk, Trog's Hand


You were on level 4 of the Dungeon.
You worshipped Trog.
Trog was most pleased with you.
You visited 1 branch of the dungeon, and saw 4 of its levels.

You collected 209 gold pieces.

Inventory:

Hand Weapons
 b - a +0 war axe (weapon)
Missiles
 i - a throwing net (quivered)
Armour
 n - a scarf of harm
 p - a +0 ring mail (worn)
Wands
 m - a wand of iceblast (13)
 o - a wand of acid (3)
Scrolls
 d - 2 scrolls of magic mapping {unknown}
 g - 2 scrolls of amnesia {unknown}
 h - 2 scrolls of vulnerability {unknown}
 j - 2 scrolls of identify {unknown}
 k - 2 scrolls of enchant armour {unknown}
 l - a scroll of teleportation {unknown}
Potions
 c - a potion of might {unknown}
 e - 3 potions of curing {unknown}
 f - 2 potions of magic {unknown}


   Skills:
 + Level 6.5 Fighting
 + Level 6.4 Axes
 - Level 2.4 Armour
 - Level 2.1 Dodging


You had 5 spell levels left.
You didn't know any spells.
Your spell library was empty.

Dungeon Overview and Level Annotations

Branches:
Dungeon (4/15)
 Temple: D:4-7

Altars:
Okawaru
Zin


Innate Abilities, Weirdness & Mutations

You have a pair of horns on your head.
You reflexively headbutt those who attack you in melee.


Message History

You slash the orc!
You kill the orc!
Trog accepts your kill.
You slash the dart slug!
You kill the dart slug!
Trog accepts your kill.
Things that are here:
a +0 whip; a +0 leather armour You open the door.
There is an open door here.
An iguana comes into view.
The iguana hisses angrily.
You hit the iguana.
The iguana is moderately wounded.
The iguana bites you!
You slash the iguana!
You kill the iguana!
Trog accepts your kill.
Found a book of Dreams.
You see here an iguana corpse.
You now have 203 gold pieces (gained 12).
You now have 209 gold pieces (gained 6).
You see here an iguana corpse.
There is an open door here.
Things that are here:
a +0 whip; a +0 leather armour The angel shouts!
The ogre shouts!
An ogre is nearby!
The ogre hits you with a +0 giant spiked club!!
You slash the ogre!
The ogre is heavily wounded.
You hit the ogre. Your headbutt misses the ogre.
The ogre is severely wounded.
The ogre hits you with a +0 giant spiked club.
You hit the ogre.
The ogre is severely wounded.
The ogre hits you with a +0 giant spiked club!!
Ouch! That really hurt!
You die...

## #.# ..# #####################
#.# #...................# #.#
#.#################.# #.# ####.#
#.# ###.####....# ##### #.#
............#####...#########.#
....###.....................#.#
....'.#.........@...#######.#.#
....#.#........O....# #.#.#
+#'#................# #.#.#
.......<..........>.#######.#.#
.#.#..####...(......##_..8#.#.#
...##...............##....#...###
.#...#####.#........##....'.#.).#
.#......##..........####..#.#.#)#
.#.#....##.≈≈.≈...####A#.8#.#.#)#
.#..######...≈≈≈....#######...#)#
##.......#....≈.≈≈#.# #.###)#


You could see an ogre.

Vanquished Creatures
  A scorpion (D:4)
  2 orc priests (D:4)
  2 iguanas (D:4)
  An orc wizard (D:4)
  4 adders
  2 worms
  3 dart slugs
  6 orcs
  5 ball pythons
  4 endoplasms
  4 giant cockroaches
  8 goblins
  7 hobgoblins
  4 jackals
  5 kobolds
  5 quokkas
  3 bats (D:2)
  3 frilled lizards
  8 rats
77 creatures vanquished.

Notes
Turn   | Place    | Note
-------+----------+-------------------------------------------
     0 | D:1      | Melian the Minotaur Berserker began the quest for the Orb.
     0 | D:1      | Reached XP level 1. HP: 19/19 MP: 0/0
    55 | D:1      | Reached XP level 2. HP: 18/27 MP: 1/1
   621 | D:1      | Reached XP level 3. HP: 34/34 MP: 2/2
   734 | D:1      | Reached ** piety under Trog
  1272 | D:2      | Found an iron altar of Okawaru.
  1468 | D:2      | Reached XP level 4. HP: 40/41 MP: 3/3
  1519 | D:2      | Found a faded altar of an unknown god.
  1524 | D:2      | Reached skill level 5 in Fighting
  1524 | D:2      | Reached skill level 5 in Axes
  2587 | D:4      | Reached XP level 5. HP: 41/48 MP: 4/4
  2596 | D:4      | Reached *** piety under Trog
  2598 | D:4      | Noticed an angel
  2600 | D:4      | Found a glowing silver altar of Zin.
  3045 | D:4      | Reached XP level 6. HP: 19/58 MP: 5/5
  3456 | D:4      | Slain by an ogre

Illustrated notes

Levels and vault maps discovered:
D:1:      dpeg_arrival_connections, layout_loops_ring, minmay_tromino_v4_c
D:2:      layout_basic, shapermc_ecumenical_altar_acropolis, basic_altar
D:3:      wander_river, layout_loops_ring
D:4:      minmay_wonky_spiral, layout_basic, zin_angel, marbit_many_paths,
          mainiacjoe_overflow_catch_the_wave, chequers_serial_rivers_micro_c,
          item_on_display_a

Skill      XL: |  1  2  3  4  5 |
---------------+----------------+-----
Fighting       | 4 5 6 |  6.5
Axes           | 4 5 6 |  6.4
Armour         | |  2.4
Dodging        | |  2.1

Action                   |  1- 3 |  4- 6 || total
-------------------------+-------+-------++-------
Melee: Hand axe          |    96 |    38 ||   134
       Headbutt          |    10 |     6 ||    16
       Punch             |     1 |     1 ||     2
       War axe           |       |    45 ||    45
Invok: Trog's Hand       |       |     1 ||     1
Armor: Animal skin       |    14 |     2 ||    16
       Ring mail         |       |    10 ||    10
Dodge: Dodged            |    52 |    42 ||    94

Table legend: (Time is in decaauts)
 A = Elapsed time spent in this place.
 B = Non-inter-level travel time spent in this place.
 C = Inter-level travel time spent in this place.
 D = Time resting spent in this place.
 E = Time spent auto-exploring this place.
 F = Levels seen in this place.
 G = Mean time per level.
                   A        B        C        D        E       F      G
               +--------+--------+--------+--------+--------+-----+--------+
         Total |   3490 |   3370 |    120 |      0 |   2755 |   4 |  872.5 |
       Dungeon |   3490 |   3370 |    120 |      0 |   2755 |   4 |  872.5 |
               +--------+--------+--------+--------+--------+-----+--------+

Top non-repeatable levels by time:
     D:3: 905 daAuts
     D:4: 902 daAuts
     D:2: 849 daAuts
     D:1: 832 daAuts
